 Dungeon Crawl Stone Soup version 0.18.0-2-g198d6d4 (webtiles) character file.

263 juanjsm the Sneak (level 5, -10/25 HPs)
             Began as a Spriggan Enchanter on May 5, 2016.
             Killed by divine providence
             ... invoked by an orc priest
              (16 damage)
             ... on level 6 of the Dungeon.
             The game lasted 00:17:11 (3283 turns).

juanjsm the Sneak (Spriggan Enchanter)              Turns: 3283, Time: 00:17:12

Health: -10/25     AC:  5    Str:  3 (4)  XL:     5   Next: 98%
Magic:  5/10       EV: 18    Int: 20      God:
Gold:   146        SH:  0    Dex: 15 (16) Spells: 4 memorised, 2 levels left

rFire  + . .     SeeInvis +     a - +1 dagger
rCold  + . .     Gourm    .     b - +2 robe
rNeg   + . .     Faith    .     (shield restricted)
rPois  +         Spirit   .     (helmet restricted)
rElec  +         Dismiss  .     k - +0 cloak
rCorr  +         Reflect  .     (gloves unavailable)
SustAt .         Harm     .     (boots unavailable)
MR     .....     Rnd*Tele +     (no amulet)
Stlth  ++++......               (no ring)
                                l - ring of positive energy

@: resistant, very quick, not resistant to hostile enchantments, stealthy
A: unfitting armour, talons 1, see invisible, clever 1, deterioration 1,
herbivore 3, speed 3, low mp 1, screaming 1, slow metabolism 2, teleportitis 1,
MP-powered wands
a: no special abilities


You were on level 6 of the Dungeon.
You were not hungry.

You visited 1 branch of the dungeon, and saw 6 of its levels.

You collected 146 gold pieces.

Inventory:

Hand Weapons
 a - a +1 dagger (weapon)
Armour
 b - a +2 robe (worn)
 k - a +0 cloak (worn)
Jewellery
 l - a ring of positive energy (left hand)
Wands
 r - a wand of flame (45/48)
Scrolls
 f - a scroll of remove curse
 i - 5 scrolls of identify
Potions
 e - a potion of ambrosia
 g - a potion of heal wounds
 m - 2 potions of curing
 o - a potion of invisibility
Books
 c - a book of Maledictions

   Spells                             Type                      Level
   a - Corona                         Hexes                        1
   b - Ensorcelled Hibernation        Hexes/Ice                    2
   c - Confuse                        Hexes                        3
   d - Tukima's Dance                 Hexes                        3
   e - Dazzling Spray                 Conjuration/Hexes            3
Comestibles
 d - 5 bread rations


   Skills:
 + Level 0.7 Fighting
 + Level 1.4 Short Blades
 + Level 3.6 Dodging
 + Level 7.8 Stealth
 + Level 3.6 Spellcasting
 + Level 4.9 Hexes
 + Level 0.8 Ice Magic


You had 2 spell levels left.
You knew the following spells:

 Your Spells              Type           Power        Failure   Level  Hunger
a - Corona                Hex            ###....      1%          1    None
b - Ensorcelled Hibernat  Hex/Ice        ###...       10%         2    ##.....
c - Confuse               Hex            ###.....     8%          3    ###....
d - Dazzling Spray        Conj/Hex       ##......     17%         3    ###....


Dungeon Overview and Level Annotations

Branches:
Dungeon (6/15)
 Temple: D:4-7

Altars:

Annotations:
D:4 Natasha
D:6 Sigmund


Innate Abilities, Weirdness & Mutations

You are tiny and cannot use many weapons and most armour.
You have supernaturally acute eyesight.
You are a herbivore.
You cover ground extremely quickly.
You need consume almost no food.
You have sharp toenails.
Your mind is acute. (Int +2)
Your body sometimes deteriorates upon taking damage.
Your magical capacity is low (-10% MP).
You occasionally shout uncontrollably at your foes.
You are occasionally teleported next to monsters.
You expend magic power (3 MP) to strengthen your wands.


Message History

Confirm with . or Enter, or press ? or * to list all spells.
Aiming: Confuse
Press: ? - help, Shift-Dir - straight line, f - giant frog zombie, p - ogre
Aim: a giant frog zombie (chance to defeat MR: 83%)
The giant frog zombie appears confused.
The ogre closely misses the orc wizard.
The giant frog zombie hits Sigmund but does no damage.
Sigmund hits you from afar with a scythe of protection.
The giant frog zombie hits you.
* * * LOW HITPOINT WARNING * * *
Your body deteriorates!
You feel weakened.
The giant frog zombie closely misses you.
The ogre closely misses the orc wizard.
Sigmund completely misses you.
The giant frog zombie hits Sigmund.
The ogre closely misses you. Sigmund misses you.
The giant frog zombie misses Sigmund.
The ogre completely misses you. Sigmund misses you.
The giant frog zombie completely misses you.
The orc priest calls down the wrath of Beogh upon you.
Beogh smites you!
Ouch! That really hurt!
You die...

#################....#
'...............'....#
####...##########....#
#...# ##.####....#
#o..# #..........#
#.o.# ##[#########
#.o.# #<#
#...################.
##....o.ooooO@Z@.....
#.....##############
#.....# #.....#
###.### #.# #.# #.#
#.#


You could see Sigmund (invisible), an ogre (confused), 2 orc priests, an orc
wizard, 2 orcs and a giant frog zombie (confused).

Vanquished Creatures
  An ogre (D:5)
  Crazy Yiuf (D:2)
  Ijyb (D:2)
  Terence (D:2)
  Robin (D:2)
  An ooze (D:2)
  3 dart slugs
  4 giant geckos
  4 orcs (D:3)
  7 bats
  4 giant cockroaches
  16 goblins
  15 hobgoblins
  2 kobolds
  3 quokkas
  2 ball pythons (D:2)
  10 rats
76 creatures vanquished.

Notes
Turn   | Place    | Note
--------------------------------------------------------------
     0 | D:1      | juanjsm the Spriggan Enchanter began the quest for the Orb.
     0 | D:1      | Reached XP level 1. HP: 9/9 MP: 5/5
   216 | D:1      | Reached XP level 2. HP: 10/13 MP: 3/6
   220 | D:1      | Learned a level 2 spell: Ensorcelled Hibernation
   275 | D:1      | Reached skill level 5 in Stealth
   420 | D:4      | Noticed Natasha
   425 | D:5      | Entered Level 5 of the Dungeon
   573 | D:1      | Reached XP level 3. HP: 16/16 MP: 5/8
   578 | D:1      | Learned a level 3 spell: Confuse
  1327 | D:2      | Noticed Ijyb
  1332 | D:2      | Killed Ijyb
  1332 | D:2      | Reached skill level 6 in Stealth
  1332 | D:2      | Reached XP level 4. HP: 21/21 MP: 3/9
  1689 | D:1      | Gained mutation: You have sharp toenails. [potion of mutation]
  1689 | D:1      | Gained mutation: Your mind is acute. (Int +2) [potion of mutation]
  1689 | D:1      | Lost mutation: Your mind is acute. (Int +2) [potion of mutation]
  1690 | D:1      | Gained mutation: You are occasionally teleported next to monsters. [potion of mutation]
  1690 | D:1      | Gained mutation: Your mind is acute. (Int +2) [potion of mutation]
  1690 | D:1      | Gained mutation: Your magical capacity is low (-10% MP). [potion of mutation]
  1701 | D:1      | Learned a level 3 spell: Dazzling Spray
  1726 | D:2      | Noticed Robin
  1935 | D:2      | Noticed Crazy Yiuf
  2042 | D:2      | Noticed Terence
  2055 | D:2      | Killed Robin
  2066 | D:2      | Killed Terence
  2106 | D:2      | Gained mutation: Your body sometimes deteriorates upon taking damage. [potion of mutation]
  2106 | D:2      | Gained mutation: You occasionally shout uncontrollably at your foes. [potion of mutation]
  2106 | D:2      | Gained mutation: You expend magic power (3 MP) to strengthen your wands. [potion of mutation]
  2282 | D:2      | Killed Crazy Yiuf
  2282 | D:2      | Reached XP level 5. HP: 13/24 MP: 5/9
  2862 | D:3      | Reached skill level 7 in Stealth
  3145 | D:5      | Noticed an ogre
  3146 | D:5      | Killed an ogre
  3171 | D:5      | Noticed an ice beast
  3258 | D:6      | Noticed an ogre
  3270 | D:6      | Noticed Sigmund
  3283 | D:6      | Killed from afar by an orc priest

Skill      XL: |  1  2  3  4  5 |
---------------+----------------+-----
Stealth        | 5 6 7 |  7.8
Hexes          | 4 |  4.9
Spellcasting   | 3 |  3.6
Fighting       | |  0.7
Short Blades   | |  1.4
Dodging        | |  3.6
Ice Magic      | |  0.8

Action                   |  1- 3 |  4- 6 || total
-------------------------+-------+-------++-------
Melee: Dagger            |    57 |   104 ||   161
       Kick              |       |    11 ||    11
 Cast: Corona            |     4 |     1 ||     5
       Ensorcelled Hiber |    15 |    33 ||    48
       Confuse           |       |     6 ||     6
       Dazzling Spray    |       |     1 ||     1
  Use: Scroll            |       |    10 ||    10
       Potion            |       |     8 ||     8
 Stab: Sleeping          |    29 |    27 ||    56
       Confused          |       |     1 ||     1
  Eat: Bread ration      |       |     1 ||     1
Armor: Robe              |     7 |    17 ||    24
Dodge: Dodged            |    37 |    83 ||   120
